AoeStats
← Jumala

Nomad

509442596Analyzed
2v2 RM · 6d ago on Sep 26, 2026· 66m 57s· 4 players
Game mode
Random Map
Map size
176×176
Population
200
Speed
Normal
Resources
Standard
Victory
Conquest
Starting age
Dark Age
Ending age
Imperial Age
RankedLock teamsTeams togetherTeam positionsShared explorationLock speedFull tech treeHidden civsTurbo modeCheats
Victory
Defeat
🇫🇷 Mongols · France
1078
+15
🇨🇭 Japanese · Switzerland
1022
+17
🇩🇪 Japanese · Germany
1054
-16
🇩🇪 Varangians · Germany
1052
-16
Jumala
4:48 Loom
13:39 Feudal Age
14:06 Double-Bit Axe
18:49 Castle Age
17:38 Fletching
19:10 Pikeman
22:33 Medium Warships
26:45 Stone Mining
27:45 Gold Mining
27:57 Horse Collar
28:39 Elite Skirmisher
29:24 Thumb Ring
29:48 Town Watch
30:40 Wheelbarrow
30:50 Wheelbarrow
34:01 Gold Shaft Mining
34:00 Hand Cart
35:05 Bodkin Arrow
36:35 Forging
36:55 Ballistics
36:32 Murder Holes
37:26 Padded Archer Armor
40:19 Imperial Age
38:03 Heavy Plow
41:57 Iron Casting
41:23 Scale Mail Armor
44:12 Blast Furnace
46:53 Elite Samurai
47:51 Chain Mail Armor
59:28 Chemistry
63:20 Leather Archer Armor
lucky
4:51 Loom
12:48 Feudal Age
17:19 Castle Age
16:40 Wheelbarrow
17:02 Double-Bit Axe
17:01 Horse Collar
20:20 Scale Barding Armor
20:16 Padded Archer Armor
21:13 Gold Mining
27:47 Town Watch
27:48 Horse Collar
28:32 Chain Barding Armor
28:26 Forging
29:45 Stone Mining
32:37 Hand Cart
32:24 Town Patrol
36:14 Imperial Age
35:29 Iron Casting
36:01 Elite Skirmisher
36:58 Leather Archer Armor
36:33 Fletching
38:17 Plate Barding Armor
38:42 Blast Furnace
39:09 Ballistics
39:50 Chemistry
39:13 Elite Jarl
43:17 Bodkin Arrow
43:43 Heavy Plow
43:59 Siege Engineers
46:31 Bracer
47:01 Ring Archer Armor
48:10 Conscription
48:58 Murder Holes
54:47 Crossbowman
54:54 Cranequins
54:54 Heavy Mounted Crossbowman
59:59 Bow Saw
Bloodthirster34
7:53 Loom
16:53 Feudal Age
18:51 Wheelbarrow
22:32 Castle Age
20:26 Double-Bit Axe
21:08 Horse Collar
22:47 Arson
23:33 Forging
23:44 Squires
24:47 Stone Mining
26:48 Bow Saw
34:59 Town Watch
37:01 Town Patrol
37:32 Heavy Plow
38:52 Fletching
39:03 Scale Mail Armor
41:16 Iron Casting
40:59 Chain Mail Armor
42:22 Hand Cart
46:01 Imperial Age
44:50 Ballistics
44:27 Murder Holes
44:23 Elite Skirmisher
45:07 Padded Archer Armor
46:21 Elite Samurai
48:15 Blast Furnace
47:03 Capped Ram
51:02 Plate Mail Armor
52:01 Conscription
52:11 Bodkin Arrow
55:08 Leather Archer Armor
57:22 Bracer
58:57 Chemistry
58:31 Ring Archer Armor
59:25 Yasama
59:55 Scale Barding Armor
59:43 Treadmill Crane
62:20 Heavy Scorpion
65:42 Chain Barding Armor
64:44 Pikeman
66:07 Hoardings
Centu62
4:38 Loom
13:04 Feudal Age
16:53 Castle Age
15:21 Double-Bit Axe
16:33 Forging
20:53 Wheelbarrow
23:46 Bow Saw
25:43 Hand Cart
27:36 Fletching
30:14 Ballistics
32:17 Murder Holes
33:47 Gold Mining
36:13 Bodkin Arrow
40:39 Imperial Age
38:44 Padded Archer Armor
41:46 Conscription
42:30 Chemistry
42:07 Crossbowman
42:53 Thumb Ring
42:54 Capped Ram
43:17 Arbalester
43:26 Onager
45:03 Bracer
45:20 Leather Archer Armor
45:46 Elite Skirmisher
47:26 Iron Casting
48:08 Hoardings
47:46 Elite Steppe Lancer
49:35 Scale Barding Armor
53:49 Gold Shaft Mining
55:28 Stone Mining
57:36 Siege Engineers
57:42 Masonry
58:00 Heavy Scorpion
60:40 Siege Ram
61:17 Man-at-Arms
61:59 Squires
63:21 Long Swordsman
65:51 Pikeman
Connection lost

Rejoining the realm…

Still unreachable

The connection could not be restored.

Session expired

The server has moved on; the page needs a fresh start.